 Dungeon Crawl Stone Soup version 0.21-a0-352-g5b8f553 (webtiles) character file.

32 tidbits the Grave Robber (level 3, 0/14 HPs)
             Began as a Felid Necromancer on Oct 10, 2017.
             Slain by a hobgoblin (4 damage)
             ... on level 1 of the Dungeon.
             The game lasted 00:03:27 (475 turns).

tidbits the Grave Robber (Felid Necromancer)         Turns: 475, Time: 00:03:27

Health: 0/14       AC:  1    Str:  4    XL:     3   Next: 8%
Magic:  7/7        EV: 18    Int: 17    God:
Gold:   78         SH:  0    Dex: 16    Spells: 4/6 levels left
                                        Lives:  0   Deaths: 0

rFire    . . .     SeeInvis +     - Unarmed
rCold    . . .     Gourm    .   (shield unavailable)
rNeg     . . .     Faith    .   (armour unavailable)
rPois    .         Spirit   .   (helmet unavailable)
rElec    .         Reflect  .   (cloak unavailable)
rCorr    .         Harm     .   (gloves unavailable)
MR       .....                  (boots unavailable)
Stlth    +++.......             (no amulet)
HPRegen  0.04/turn              (no ring)
MPRegen  0.10/turn              (no ring)

@: quick
A: no armour, no weapons or thrown items, stealth, claws 1, fangs 3, see
invisible, carnivore 3, speed 1, shaggy fur 1, slow metabolism 1, sharp paws
a: no special abilities


You were on level 1 of the Dungeon.
You were not hungry.

You visited 1 branch of the dungeon, and saw 2 of its levels.

You collected 78 gold pieces.

Inventory:

Missiles
 d - 19 arrows
Books
 a - a book of Necromancy

   Spells                             Type                      Level
   a - Pain                           Necromancy                   1
   b - Animate Skeleton               Necromancy                   1
   c - Vampiric Draining              Necromancy                   3
   d - Regeneration                   Charms/Necromancy            3
   e - Animate Dead                   Necromancy                   4
   f - Control Undead                 Necromancy                   4
Comestibles
 b - a meat ration


   Skills:
 - Level 2.8 Dodging
 - Level 2.8 Stealth
 + Level 2.5 Unarmed Combat
 - Level 2.0 Spellcasting
 - Level 4.0 Necromancy


You had 4 spell levels left.
You knew the following spells:

 Your Spells              Type           Power        Failure   Level  Hunger
a - Pain                  Necr           ###.         3%          1    #......
n - Animate Skeleton      Necr           N/A          3%          1    #......


Dungeon Overview and Level Annotations

Branches:
Dungeon (2/15)

Altars:


Innate Abilities, Weirdness & Mutations

You cannot wear armour.
You are incapable of wielding weapons or throwing items.
Your paws allow you to move quietly. (Stealth)
You have sharp claws.
You have razor-sharp teeth.
You have supernaturally acute eyesight. (SInv)
You are carnivorous and can eat meat at any time.
You cover ground quickly.
You are covered in fur. (AC +1)
You have a slow metabolism.
Your sharp claws are effective at attacking unaware monsters.


Message History

The adder writhes in agony!
You kill the adder!
Your Unarmed Combat skill increases to level 2!
You scratch the rat.
The rat is severely wounded.
You scratch the rat.
You kill the rat!
e - a scroll labeled TEMUTU PAHUCS You see here an adder corpse.
Wield which item (- for none, * to show all)? (? for menu, Esc to quit)
a - a book of Necromancy (in mouth)
You swing at nothing.
You swing at nothing.
You swing at nothing.
You swing at nothing.
You swing at nothing.
You swing at nothing.
You swing at nothing.
You swing at nothing.
You swing at nothing.
You swing at nothing.
You swing at nothing.
You swing at nothing.
You swing at nothing.
You swing at nothing.
You swing at nothing.
You swing at nothing.
You swing at nothing.
You swing at nothing.
You swing at nothing.
You swing at nothing.
You swing at nothing.
You swing at nothing.
You swing at nothing.
You swing at nothing.
You swing at nothing.
You swing at nothing.
You swing at nothing.
You swing at nothing.
You swing at nothing.
You swing at nothing.
Wield which item (- for none, * to show all)? (? for menu, Esc to quit)
Okay, then.
As you read the scroll of identify, it crumbles to dust.
e - a scroll of enchant weapon Drop what? 4/52 slots (_ for help) (? for menu, Esc to quit)
You drop a scroll of enchant weapon.
Wield which item (- for none, * to show all)? (? for menu, Esc to quit)
Your mouth is now empty.
Found 12 gold pieces.
You see here a robe.
You now have 52 gold pieces (gained 12).
Found 19 arrows.
You see here 19 arrows.
d - 19 arrows
Found an escape hatch in the ceiling.
A kobold comes into view. It is wielding a whip.
Found a hand axe.
The helpless kobold fails to defend itself.
You claw the kobold!
You kill the kobold!
You see here a whip.
There is an escape hatch in the ceiling here.
A mysterious force pulls you upwards. The hatch slams shut behind you.
Found 15 gold pieces and 23 bolts.
You now have 67 gold pieces (gained 15).
You see here a leather armour.
A bat, a hobgoblin and a dart slug come into view.
You pounce on the unaware helpless hobgoblin!
You claw the hobgoblin!
You kill the hobgoblin!
The helpless bat fails to defend itself.
You claw the bat!
You kill the bat!
You have reached level 3!
Your experience leads to an increase in your attributes!
Increase (S)trength, (I)ntelligence, or (D)exterity?
You feel clever.
All of the chunks of flesh in your inventory have rotted away.
You see here a bat corpse.
You pounce on the unaware helpless dart slug!
You claw the dart slug!
You kill the dart slug!
You see here a dart slug corpse.
You see here 23 bolts.
Found 11 gold pieces.
You now have 78 gold pieces (gained 11).
A rat comes into view.
A hobgoblin comes into view.
You pounce on the unaware helpless rat!
You claw the rat!
You kill the rat!
The hobgoblin shouts!
You see here a rat corpse.
The hobgoblin hits you.
* * * LOW HITPOINT WARNING * * *
You closely miss the hobgoblin. The hobgoblin barely misses you.
You scratch the hobgoblin.
The hobgoblin is severely wounded.
The hobgoblin hits you.
You die...

#.##..#.)...#
#.......#.#.#
####........#
............#
.....(####.##
###...## #.#
##.....# #.# #
.......# #.#######.#
.......# #....†.@g.#
###...####.#########
##.......# #########


You could see a hobgoblin.

Vanquished Creatures
  An adder (D:2)
  3 dart slugs (D:1)
  A hobgoblin (D:1)
  3 jackals (D:1)
  2 kobolds
  4 bats (D:1)
  A frilled lizard (D:1)
  4 rats
19 creatures vanquished.

Vanquished Creatures (collateral kills)
  A jackal (D:1)
1 creature vanquished.

Grand Total: 20 creatures vanquished

Notes
Turn   | Place    | Note
-------+----------+-------------------------------------------
     0 | D:1      | tidbits the Felid Necromancer began the quest for the Orb.
     0 | D:1      | Reached XP level 1. HP: 7/7 MP: 4/4
   173 | D:1      | Reached skill level 1 in Unarmed Combat
   190 | D:1      | Reached XP level 2. HP: 8/11 MP: 1/6
   193 | D:1      | Learned a level 1 spell: Animate Skeleton
   327 | D:2      | Reached skill level 2 in Unarmed Combat
   408 | D:1      | Reached XP level 3. HP: 5/14 MP: 7/7
   475 | D:1      | Slain by a hobgoblin

Vault maps used:
D:1:      dpeg_arrival_three_same_balls, minmay_misc_feat_five
D:2:      nicolae_overflow_hidden_temple, lemuel_coloured_pillars_altar,
          uniq_terence

Skill      XL: |  1  2 |
---------------+-------+-----
Unarmed Combat | 1 2 |  2.5
Dodging        | |  2.8
Stealth        | |  2.8
Spellcasting   | |  2.0
Necromancy     | |  4.0

Action                   || total
-------------------------++-------
Melee: Unarmed           ||    28
       Bite              ||     2
 Cast: Pain              ||    23
       Animate Skeleton  ||     1
  Use: Potion            ||     2
       Scroll            ||     2
 Stab: Sleeping          ||     8
Armor: Skin              ||     1
Dodge: Dodged            ||    23

Table legend:
 A = Spawn XP
 B = Non-spawn XP
 C = Spawn XP percentage of total XP
 D = Spawn monster count
 E = Non-spawn monster count
 F = Spawn count percentage of total count
 G = Total turns spent on level
                    A         B        C        D         E        F      G
               +---------+---------+-------+---------+---------+-------+---------
         Total |       0 |      46 |   0.0 |       0 |      20 |   0.0 |   475
               +---------+---------+-------+---------+---------+-------+---------
           D:1 |       0 |      30 |   0.0 |       0 |      16 |   0.0 |   373
           D:2 |       0 |      16 |   0.0 |       0 |       4 |   0.0 |   102
               +---------+---------+-------+---------+---------+-------+---------

Table legend:
 A = Turns spent in this place as a percentage of turns spent in the entire game.
 B = Non-inter-level travel turns spent in this place as a percentage of non-inter-level travel turns spent in the entire game.
 C = Inter-level travel turns spent in this place as a percentage of turns spent in this place.
 D = Turns resting spent in this place as a percentage of non-inter-level travel turns spent in this place.
 E = Turns spent auto-exploring this place as a percentage of non-inter-level travel turns spent in this place.
 F = Non-inter-level travel turns spent in this place divided by the number of levels of this place that you've seen.
                   A       B       C       D       E      F
               +-------+-------+-------+-------+-------+----------------------
         Total | 100.0 | 100.0 |   0.0 |   0.0 |   0.0 | 237.5
       Dungeon | 100.0 | 100.0 |   0.0 |   0.0 |   0.0 | 237.5
               +-------+-------+-------+-------+-------+----------------------

Table legend:
 A = Kills in this place as a percentage of kills in entire the game.
 B = Kills by you in this place as a percentage of kills by you in the entire game.
 C = Kills by friends in this place as a percentage of kills by friends in the entire game.
 D = Other kills in this place as a percentage of other kills in the entire game.
 E = Experience gained in this place as a percentage of experience gained in the entire game.
 F = Experience gained in this place divided by the number of levels of this place that you have seen.
                   A       B       C       D       E      F
               +-------+-------+-------+-------+-------+----------------------
         Total | 100.0 | 100.0 | 100.0 |   N/A | 100.0 |  23.0
       Dungeon | 100.0 | 100.0 | 100.0 |   N/A | 100.0 |  23.0
               +-------+-------+-------+-------+-------+----------------------

Vault maps used:
D:1:      dpeg_arrival_three_same_balls, minmay_misc_feat_five
D:2:      nicolae_overflow_hidden_temple, lemuel_coloured_pillars_altar,
          uniq_terence
